[Event "71st RUS-ch Higher League 2018"]
[Site "Yaroslavl"]
[Date "2018.06.29"]
[Round "4"]
[White "Iskusnyh, Sergei"]
[Black "Rodin, Dmitrij"]
[Result "1-0"]
[ECO "A40"]
[WhiteElo "2473"]
[BlackElo "2402"]
[Annotator "ChessBase"]
[PlyCount "141"]
[EventDate "2018.06.26"]
[EventType "swiss"]
[EventCountry "RUS"]
[SourceTitle "playchess.com"]
[Source "ChessBase"]
[SourceQuality "1"]
[TimeControl "40/5400+30:1800+30"]

1. d4 Nf6 2. c4 e6 3. g3 d5 4. Nf3 Bb4+ 5. Bd2 Bd6 6. Nc3 O-O 7. Qc2 Nbd7 8. Bg2 c6 9. O-O dxc4 10. Rfd1 Qe7 11. Ng5 Bc7 12. Be1 h6 13. Nge4 Nd5 14. Nd2 b5 15. b3 Ba5 16. Nde4 f5 17. Nxd5 exd5 18. Nc3 Bxc3 19. Bxc3 b4 20. Be1 Ba6 21. e3 Bb5 22. a3 bxa3 23. bxc4 Bxc4 24. Qa4 Nb6 25. Qa5 Rfb8 26. Bb4 Qd7 27. Bxa3 Bb5 28. Bc5 Nc4 29. Qc3 a5 30. Qc2 Qe6 31. Bh3 g6 32. Bf1 Rb7 33. Rdb1 a4 34. Bxc4 dxc4 35. Re1 Qe4 36. Qxe4 fxe4 37. Kg2 Rf7 38. Reb1 Rd8 39. Rf1 Rf3 40. Ra2 Kf7 41. Rc1 Ke6 42. Rc3 Rd5 43. Rb2 g5 44. h3 h5 45. Ba3 g4 46. Rbc2 Rdf5 47. h4 Rf7 48. Rb2 Kd5 49. Bc5 Rb7 50. Ra2 Rbf7 51. Kg1 Ke6 52. Kg2 R3f5 53. Ba3 Rb7 54. Rb2 Rff7 55. Rb4 Kd5 56. Rc2 Rfd7 57. Rc1 c5 58. dxc5 Kc6 59. Rbxc4 Bxc4 60. Rxc4 Ra7 61. Rxe4 Rd3 62. Re6+ Kb5 63. Rb6+ Kc4 64. Rb4+ Kd5 65. e4+ Ke6 66. Rb6+ Ke5 67. Bc1 a3 68. Rb5 Kxe4 69. c6 a2 70. Bb2 a1=Q 71. Re5# {[%emt 0:00:06] Ra8} 1-0

[Event "71st RUS-ch Higher League 2018"]
[Site "Yaroslavl"]
[Date "2018.06.29"]
[Round "4"]
[White "Fakhrutdinov, Timur"]
[Black "Alekseenko, Kirill"]
[Result "0-1"]
[ECO "B92"]
[WhiteElo "2460"]
[BlackElo "2621"]
[Annotator "ChessBase"]
[PlyCount "120"]
[EventDate "2018.06.26"]
[EventType "swiss"]
[EventCountry "RUS"]
[SourceTitle "playchess.com"]
[Source "ChessBase"]
[SourceQuality "1"]
[TimeControl "40/5400+30:1800+30"]

1. e4 c5 2. Nf3 d6 3. d4 cxd4 4. Nxd4 Nf6 5. Nc3 a6 6. Be2 e5 7. Nb3 Be7 8. O-O O-O 9. Qd3 Be6 10. Be3 Nbd7 11. Nd5 Bxd5 12. exd5 Ne8 13. Qd2 f5 14. g3 Nef6 15. f3 a5 16. Rad1 g6 17. c4 b6 18. Na1 Rc8 19. Nc2 Nh5 20. g4 Ng7 21. Kg2 f4 22. Bg1 Bh4 23. Na3 h5 24. Nb5 Ne8 25. gxh5 Rf5 26. Bd3 Rxh5 27. Kh1 Kg7 28. Qc2 Qg5 29. Rd2 Bg3 30. Rg2 Nc5 31. Bxc5 Rxc5 32. b3 Rh6 33. Kg1 Bxh2+ 34. Kf2 Bg3+ 35. Ke2 Rc8 36. Kd1 Qe7 37. Qe2 Qd7 38. Nc3 Nf6 39. Ne4 Nxe4 40. Qxe4 Qc7 41. Kc2 Rf8 42. Kb2 Rf5 43. a3 Qc5 44. Bc2 Rfh5 45. Rd1 Kf6 46. Qd3 Rg5 47. Qd2 Rh8 48. Qd3 Rh2 49. Rdd2 Rh1 50. Rd1 Rh6 51. Qd2 Rhh5 52. Qd3 Bf2 53. Rxg5 Rxg5 54. Rh1 Rg3 55. Qe4 Kg7 56. Kb1 Qxa3 57. Rd1 Qc5 58. Rd3 Bd4 59. Rd1 a4 60. Ka2 Rg2 0-1

[Event "71st RUS-ch Higher League 2018"]
[Site "Yaroslavl"]
[Date "2018.06.29"]
[Round "4"]
[White "Gaifullin, Artur"]
[Black "Sek, Konstantin"]
[Result "1-0"]
[ECO "A61"]
[WhiteElo "2448"]
[BlackElo "2476"]
[Annotator "ChessBase"]
[PlyCount "113"]
[EventDate "2018.06.26"]
[EventType "swiss"]
[EventCountry "RUS"]
[SourceTitle "playchess.com"]
[Source "ChessBase"]
[SourceQuality "1"]
[TimeControl "40/5400+30:1800+30"]

1. Nf3 Nf6 2. d4 e6 3. c4 c5 4. d5 exd5 5. cxd5 d6 6. Nc3 g6 7. h3 Bg7 8. e4 O-O 9. Bd3 a6 10. a4 Nbd7 11. O-O Re8 12. Re1 Nh5 13. Bg5 Bf6 14. Bd2 Rb8 15. g4 Ng7 16. Bf1 g5 17. e5 Nxe5 18. Ne4 h6 19. Ra3 Nxf3+ 20. Rxf3 Bxb2 21. Qb1 Be5 22. Bd3 f5 23. Ng3 f4 24. Bg6 Rf8 25. Ne4 c4 26. Nxd6 Bxd6 27. Bh7+ Kh8 28. Bc3 Rf6 29. Qa1 Kxh7 30. Bxf6 Qf8 31. Qb1+ Bf5 32. Bxg7 Bxb1 33. Bxf8 Bxf8 34. Rxb1 b5 35. Rc3 Bd6 36. Rc2 Kg7 37. Kg2 Kf7 38. Kf3 Ke7 39. Ke4 Kd7 40. Kd4 Bc7 41. axb5 axb5 42. Rcb2 c3 43. Ra2 b4 44. Kc4 Bd6 45. Ra7+ Kd8 46. Kb3 Rb5 47. Rd1 Rc5 48. Kc2 Rb5 49. f3 Be5 50. Kb3 Bd6 51. Rda1 Bb8 52. R1a5 Rb6 53. R7a6 Rb7 54. Rxh6 Bc7 55. Ra8+ Kd7 56. Raa6 Rb5 57. Rh7+ 1-0

[Event "71st RUS-ch Higher League 2018"]
[Site "Yaroslavl"]
[Date "2018.06.29"]
[Round "4"]
[White "Vastrukhin, Oleg"]
[Black "Gogolev, Artem"]
[Result "1/2-1/2"]
[ECO "A36"]
[WhiteElo "2420"]
[BlackElo "2407"]
[Annotator "NA"]
[PlyCount "81"]
[EventDate "2018.06.26"]
[EventType "swiss"]
[EventCountry "RUS"]
[SourceTitle "playchess.com"]
[Source "ChessBase"]
[SourceQuality "1"]
[TimeControl "40/5400+30:1800+30"]

1. g3 g6 2. Bg2 Bg7 3. c4 c5 4. Nc3 Nc6 5. e3 e6 6. Nge2 Nge7 7. O-O O-O 8. d4 cxd4 9. Nxd4 Nxd4 10. exd4 d5 11. cxd5 Nxd5 12. Qb3 Bxd4 13. Nxd5 exd5 14. Bxd5 {[%emt 0:00:16] A36: Symmetrical English vs ...g6: 4 Bg2 Bg7} (14. Bh6 Bg7 15. Bxg7 Kxg7 16. Qxd5 Qxd5 17. Bxd5 Rd8 18. Rfd1 Rd6 19. Bb3 Rxd1+ 20. Rxd1 Bf5 21. f3 Kf6 22. Kf2 Rc8 23. Ke3 Re8+ 24. Kf2 Rc8 25. Ke3 Re8+ 26. Kf2 {½-½ (26) Ribli,Z (2588)-Hracek,Z (2624) Germany 2011}) 14... Qf6 15. h4 $146 ({Predecessor:} 15. Bh6 Re8 16. Be3 Bxb2 17. Rab1 Be5 18. Qa4 b5 19. Qxb5 Ba6 20. Qa4 Bxf1 21. Bxa8 Rxa8 22. Rxf1 {½-½ (29) Moiseenko,I (2242)-Odnorozhenko,E (2298) Kostroma 2012}) 15... Bh3 16. Bg5 Qf5 17. Bg2 Bxg2 18. Kxg2 Qe4+ 19. Qf3 Qxf3+ 20. Kxf3 Rac8 21. Rfd1 Bxb2 22. Rab1 Rc2 23. Rd2 Rxd2 24. Bxd2 Bd4 25. Rxb7 Rc8 26. Be3 Bxe3 27. fxe3 a5 28. Rb5 a4 29. Rb4 Ra8 30. g4 a3 31. Ke2 Kg7 32. Kd3 h5 33. gxh5 gxh5 34. Rb5 Kg6 35. e4 f6 36. Rb6 Kf7 37. Rb5 Kg6 $11 38. Rb3 Ra4 39. Rb6 Kf7 40. Rb5 Kg6 41. Rb6 1/2-1/2

[Event "71st RUS-ch Higher League 2018"]
[Site "Yaroslavl"]
[Date "2018.06.29"]
[Round "4"]
[White "Okrugin, Sergey"]
[Black "Dreev, Aleksey"]
[Result "0-1"]
[ECO "D37"]
[WhiteElo "2334"]
[BlackElo "2657"]
[Annotator "ChessBase"]
[PlyCount "80"]
[EventDate "2018.06.26"]
[EventType "swiss"]
[EventCountry "RUS"]
[SourceTitle "playchess.com"]
[Source "ChessBase"]
[SourceQuality "1"]
[TimeControl "40/5400+30:1800+30"]

1. d4 Nf6 2. c4 e6 3. Nc3 d5 4. Nf3 Nbd7 5. e3 a6 6. b3 b6 7. g3 Bb7 8. Bg2 Bd6 9. O-O O-O 10. Bb2 Qe7 11. Qe2 Rfe8 12. Rfd1 dxc4 13. bxc4 Bb4 14. a3 Ba5 15. Nd2 Bxg2 16. Kxg2 e5 17. Nb3 exd4 18. Rxd4 Bxc3 19. Bxc3 c5 20. Rdd1 h5 21. Nd2 h4 22. gxh4 Ne5 23. h3 Ng6 24. Bxf6 Qxf6 25. Kf1 Nxh4 26. Qg4 Rxe3 27. Ne4 Qf3 28. Qxf3 Rxf3 29. a4 Rxh3 30. Ng3 Ng6 31. a5 bxa5 32. Rxa5 Rh4 33. Rxc5 a5 34. Kg2 Nf4+ 35. Kf3 Ne6 36. Rh5 Rf4+ 37. Ke3 g6 38. Rh6 Rb8 39. Ne4 Rb3+ 40. Rd3 Rxe4+ 0-1

[Event "71st RUS-ch Higher League 2018"]
[Site "Yaroslavl"]
[Date "2018.06.29"]
[Round "4"]
[White "Bimiev, Ahmad"]
[Black "Predke, Alexandr"]
[Result "0-1"]
[ECO "A20"]
[WhiteElo "2125"]
[BlackElo "2613"]
[Annotator "ChessBase"]
[PlyCount "102"]
[EventDate "2018.06.26"]
[EventType "swiss"]
[EventCountry "RUS"]
[SourceTitle "playchess.com"]
[Source "ChessBase"]
[SourceQuality "1"]
[TimeControl "40/5400+30:1800+30"]

1. c4 e5 2. d3 Nf6 3. Nf3 Nc6 4. a3 g6 5. g3 Bg7 6. Bg2 O-O 7. Nc3 d6 8. O-O h6 9. Ne1 Be6 10. Nd5 Nh7 11. Nc2 Qd7 12. b4 Nd8 13. Bb2 c6 14. Nde3 Bh3 15. d4 Bxg2 16. Nxg2 e4 17. Nce3 Ne6 18. Qd2 d5 19. cxd5 cxd5 20. f3 exf3 21. exf3 Nf6 22. Ne1 h5 23. Nd3 Qd6 24. Ne5 Kh7 25. Rae1 Rac8 26. Qd3 Nd7 27. Ng2 Nxe5 28. dxe5 Qc6 29. Rf2 Qc4 30. Qd1 Ng5 31. Nf4 h4 32. Bd4 Bh6 33. Bxa7 Ra8 34. Bc5 Rfe8 35. gxh4 Qxf4 36. hxg5 Qxg5+ 37. Rg2 Qf5 38. Qxd5 Rxa3 39. Kf2 Bf4 40. Bd6 Rc8 41. Kg1 Rc1 42. Rxc1 Bxc1 43. Qe4 Be3+ 44. Kf1 Qc8 45. Qh4+ Kg8 46. Re2 Ra1+ 47. Re1 g5 48. Qg3 Qc4+ 49. Kg2 Ra2+ 50. Kh1 Bf4 51. Qg1 Qd3 0-1

[Event "71st RUS-ch Higher League 2018"]
[Site "Yaroslavl"]
[Date "2018.06.30"]
[Round "5"]
[White "Sjugirov, Sanan"]
[Black "Potkin, Vladimir"]
[Result "1/2-1/2"]
[ECO "C65"]
[WhiteElo "2663"]
[BlackElo "2592"]
[Annotator "ChessBase"]
[PlyCount "196"]
[EventDate "2018.06.26"]
[EventType "swiss"]
[EventCountry "RUS"]
[SourceTitle "playchess.com"]
[Source "ChessBase"]
[SourceQuality "1"]
[TimeControl "40/5400+30:1800+30"]

1. e4 e5 2. Nf3 Nc6 3. Bb5 Nf6 4. d3 Bc5 5. Bxc6 dxc6 6. Nbd2 O-O 7. h3 Re8 8. Nf1 Nd7 9. g4 Nf8 10. Ng3 Ne6 11. Nf5 Bd6 12. Be3 a5 13. h4 a4 14. a3 c5 15. h5 b5 16. Qd2 Ra6 17. Rg1 Nd4 18. N3xd4 cxd4 19. Bg5 f6 20. Bh4 h6 21. Bg3 Bf8 22. f4 exf4 23. Bxf4 c5 24. Kf2 c4 25. Kf3 Kh7 26. Qf2 b4 27. axb4 Bxb4 28. Nxd4 Bc5 29. Be3 a3 30. Nf5 Bxe3 31. Qxe3 cxd3 32. cxd3 axb2 33. Rab1 Ra3 34. Rgd1 Bxf5 35. gxf5 Rb3 36. Rd2 Qb8 37. Qe2 Rd8 38. Kg4 Qe5 39. Qh2 Qc3 40. Rbxb2 Rxb2 41. Rxb2 Rxd3 42. Rc2 Qe1 43. Qg2 Qe3 44. Kh4 Qe1+ 45. Kg4 Rg3+ 46. Qxg3 Qxe4+ 47. Qf4 Qxc2 48. Qf3 Qh2 49. Qg3 Qd2 50. Qf3 Qd4+ 51. Kh3 Qc4 52. Kg3 Qd4 53. Kh3 Qd7 54. Kg4 Qc7 55. Qb3 Qc6 56. Qf3 Qa4+ 57. Kh3 Qa1 58. Kg3 Qe1+ 59. Kh3 Qe8 60. Kg3 Qb5 61. Kg4 Qe5 62. Qd3 Qh2 63. Qg3 Qb2 64. Qf3 Qd4+ 65. Kh3 Qc4 66. Kg3 Qc5 67. Qe4 Qg1+ 68. Kh3 Qg5 69. Qf3 Qd2 70. Qe4 Qc1 71. Qf3 Qg5 72. Kh2 Qh4+ 73. Kg2 Qd4 74. Kh3 Qc4 75. Kg3 Qc7+ 76. Qf4 Qc5 77. Qe4 Qc1 78. Qf3 Qe1+ 79. Kh3 Qe5 80. Kg4 Qh2 81. Qg3 Qh1 82. Qf3 Qa1 83. Qe4 Qg1+ 84. Kh3 Qd1 85. Kh4 Qd2 86. Kh3 Qc3+ 87. Kg4 Qc5 88. Kh3 Qe5 89. Qf3 Kg8 90. Qa8+ Kf7 91. Qb7+ Kf8 92. Qa8+ Ke7 93. Qb7+ Kd6 94. Qb6+ Kd5 95. Qb5+ Kd4 96. Qb4+ Kd3 97. Qb1+ Kd2 98. Qa2+ Ke3 1/2-1/2

[Event "71st RUS-ch Higher League 2018"]
[Site "Yaroslavl"]
[Date "2018.06.30"]
[Round "5"]
[White "Dreev, Aleksey"]
[Black "Sakaev, Konstantin"]
[Result "1/2-1/2"]
[ECO "E12"]
[WhiteElo "2657"]
[BlackElo "2580"]
[Annotator "ChessBase"]
[PlyCount "80"]
[EventDate "2018.06.26"]
[EventType "swiss"]
[EventCountry "RUS"]
[SourceTitle "playchess.com"]
[Source "ChessBase"]
[SourceQuality "1"]
[TimeControl "40/5400+30:1800+30"]

1. d4 Nf6 2. Nf3 e6 3. c4 b6 4. a3 Bb7 5. Nc3 d5 6. Bg5 Be7 7. Qa4+ Bc6 8. Qc2 dxc4 9. e3 b5 10. a4 b4 11. Bxf6 gxf6 12. Nb1 b3 13. Qxc4 Bd5 14. Qc1 c5 15. Bb5+ Nd7 16. Qd1 cxd4 17. Qxd4 a6 18. Be2 Nc5 19. Nc3 Bb7 20. O-O O-O 21. Rfd1 Qxd4 22. Nxd4 Rab8 23. a5 Rfc8 24. Na4 Nxa4 25. Rxa4 f5 26. Rc4 Bf6 27. Nxb3 Bxb2 28. Rxc8+ Rxc8 29. Bf3 Bxf3 30. gxf3 Rb8 31. Nc5 Rb5 32. Nxa6 Rxa5 33. Nb4 Ra1 34. Rxa1 Bxa1 35. Nd3 Bc3 36. Kg2 Kg7 37. f4 Bf6 38. Kg3 Be7 39. Ne5 Bf6 40. Nd3 Be7 1/2-1/2

[Event "71st RUS-ch Higher League 2018"]
[Site "Yaroslavl"]
[Date "2018.06.30"]
[Round "5"]
[White "Paravyan, David"]
[Black "Zvjaginsev, Vadim"]
[Result "1/2-1/2"]
[ECO "B35"]
[WhiteElo "2634"]
[BlackElo "2633"]
[Annotator "ChessBase"]
[PlyCount "74"]
[EventDate "2018.06.26"]
[EventType "swiss"]
[EventCountry "RUS"]
[SourceTitle "playchess.com"]
[Source "ChessBase"]
[SourceQuality "1"]
[TimeControl "40/5400+30:1800+30"]

1. e4 c5 2. Nf3 Nc6 3. Nc3 g6 4. d4 cxd4 5. Nxd4 Bg7 6. Be3 Nf6 7. Bc4 d6 8. f3 Na5 9. Be2 Bd7 10. Qd2 Rc8 11. Bh6 Bxh6 12. Qxh6 e5 13. Nb3 Be6 14. O-O-O a6 15. Rd2 b5 16. Rhd1 Nb7 17. Kb1 Qb6 18. f4 Rxc3 19. Qg7 Ke7 20. fxe5 dxe5 21. bxc3 Rg8 22. Qh6 g5 23. Bh5 Qe3 24. Rf1 Nxh5 25. Qxh5 Nd6 26. Rd3 Qxe4 27. Nc5 Qxg2 28. Qd1 Rg6 29. Re1 Nc4 30. Nxe6 Rxe6 31. Rd7+ Kf8 32. Rf1 Re7 33. Rd8+ Re8 34. Rd7 Re7 35. Rd8+ Re8 36. Rd7 Re7 37. Rd8+ Re8 1/2-1/2

[Event "71st RUS-ch Higher League 2018"]
[Site "Yaroslavl"]
[Date "2018.06.30"]
[Round "5"]
[White "Lysyj, Igor"]
[Black "Usmanov, Vasily"]
[Result "1-0"]
[ECO "A40"]
[WhiteElo "2630"]
[BlackElo "2477"]
[Annotator "ChessBase"]
[PlyCount "113"]
[EventDate "2018.06.26"]
[EventType "swiss"]
[EventCountry "RUS"]
[SourceTitle "playchess.com"]
[Source "ChessBase"]
[SourceQuality "1"]
[TimeControl "40/5400+30:1800+30"]

1. d4 Nf6 2. c4 e6 3. g3 Bb4+ 4. Bd2 Qe7 5. Bg2 Bxd2+ 6. Qxd2 d5 7. Nf3 O-O 8. O-O Rd8 9. Qc2 c5 10. cxd5 cxd4 11. Nxd4 Nxd5 12. Rc1 Nb4 13. Qc3 N8c6 14. Nxc6 Nxc6 15. Bxc6 bxc6 16. Nd2 Ba6 17. Qe3 Qb4 18. Rc2 Qb6 19. Nb3 Qxe3 20. fxe3 Rd5 21. Rac1 Rb8 22. Nc5 Bc8 23. b3 Kf8 24. Nd3 Bd7 25. Rc4 Ke7 26. Ra4 a5 27. e4 Rdb5 28. e5 h5 29. Rh4 Rh8 30. Rc5 f6 31. exf6+ gxf6 32. Ra4 Ra8 33. b4 Kd6 34. Rxb5 cxb5 35. Rxa5 Rh8 36. Ra6+ Bc6 37. a4 Rb8 38. a5 e5 39. Ra7 h4 40. Rf7 Ke6 41. Rh7 hxg3 42. hxg3 Rg8 43. Kf2 Kd5 44. a6 Kd4 45. Rc7 Ba8 46. Ne1 Rh8 47. Nc2+ Ke4 48. Rc5 Bd5 49. Ne3 Ba8 50. Nd1 Kd4 51. Nc3 Rh2+ 52. Ke1 Ke3 53. Nd1+ Kd4 54. Rc8 Be4 55. a7 Rg2 56. e3+ Kd3 57. Rc3# 1-0

[Event "71st RUS-ch Higher League 2018"]
[Site "Yaroslavl"]
[Date "2018.06.30"]
[Round "5"]
[White "Khismatullin, Denis"]
[Black "Pridorozhni, Aleksei"]
[Result "1/2-1/2"]
[ECO "A04"]
[WhiteElo "2627"]
[BlackElo "2589"]
[Annotator "ChessBase"]
[PlyCount "117"]
[EventDate "2018.06.26"]
[EventType "swiss"]
[EventCountry "RUS"]
[SourceTitle "playchess.com"]
[Source "ChessBase"]
[SourceQuality "1"]
[TimeControl "40/5400+30:1800+30"]

1. Nf3 e6 2. g3 b5 3. e4 Bb7 4. Qe2 c5 5. Bg2 a6 6. O-O Nc6 7. Rd1 Nd4 8. Nxd4 cxd4 9. c3 Bc5 10. b4 Bb6 11. a4 bxa4 12. Rxa4 Ne7 13. c4 d6 14. d3 O-O 15. Nd2 Qd7 16. Ra1 Nc6 17. Ba3 e5 18. c5 dxc5 19. bxc5 Bc7 20. Nc4 Rfb8 21. Nb6 Bxb6 22. cxb6 a5 23. Qc2 Qe6 24. Qc5 h6 25. Rab1 Rd8 26. Rdc1 a4 27. Qd5 Qf6 28. Qb5 Qe6 29. Qc4 Qd7 30. h4 g5 31. hxg5 hxg5 32. Rb2 Kg7 33. Qc2 Qe6 34. Rb5 f6 35. Rc5 Rdc8 36. Qd1 Ra6 37. Rb5 Ne7 38. Rc7 Rxc7 39. bxc7 Bc6 40. Rb8 Nc8 41. Bf3 Bd7 42. Rb2 Rc6 43. Rc2 Rb6 44. Rc1 Rb3 45. Bc5 Rb2 46. Qe1 Rb3 47. Qd2 Qa6 48. Be2 Qb5 49. Qd1 a3 50. Bg4 Rxd3 51. Qe2 Bxg4 52. Qxg4 Qe8 53. Kg2 Rc3 54. Rh1 Rxc5 55. Qf5 Qg8 56. Qd7+ Kg6 57. Qf5+ Kg7 58. Qd7+ Kg6 59. Qf5+ 1/2-1/2

[Event "71st RUS-ch Higher League 2018"]
[Site "Yaroslavl"]
[Date "2018.06.30"]
[Round "5"]
[White "Alekseenko, Kirill"]
[Black "Lomasov, Semen"]
[Result "1-0"]
[ECO "C07"]
[WhiteElo "2621"]
[BlackElo "2549"]
[Annotator "ChessBase"]
[PlyCount "49"]
[EventDate "2018.06.26"]
[EventType "swiss"]
[EventCountry "RUS"]
[SourceTitle "playchess.com"]
[Source "ChessBase"]
[SourceQuality "1"]
[TimeControl "40/5400+30:1800+30"]

1. e4 e6 2. d4 d5 3. Nd2 c5 4. exd5 Qxd5 5. Ngf3 cxd4 6. Bc4 Qd7 7. O-O Nc6 8. Nb3 Nf6 9. Nbxd4 Nxd4 10. Nxd4 a6 11. Re1 b5 12. Bb3 Bb7 13. c3 Bc5 14. Bf4 Bxd4 15. cxd4 Bd5 16. Be5 Rc8 17. Qd2 Qb7 18. Qg5 Bxb3 19. axb3 h6 20. Qg3 Nh5 21. Qh4 Nf6 22. Bxf6 gxf6 23. Qxf6 Rg8 24. g3 h5 25. Qf5 1-0

[Event "71st RUS-ch Higher League 2018"]
[Site "Yaroslavl"]
[Date "2018.06.30"]
[Round "5"]
[White "Predke, Alexandr"]
[Black "Goryachkina, Aleksandra"]
[Result "1/2-1/2"]
[ECO "C11"]
[WhiteElo "2613"]
[BlackElo "2505"]
[Annotator "ChessBase"]
[PlyCount "71"]
[EventDate "2018.06.26"]
[EventType "swiss"]
[EventCountry "RUS"]
[SourceTitle "playchess.com"]
[Source "ChessBase"]
[SourceQuality "1"]
[TimeControl "40/5400+30:1800+30"]

1. e4 e6 2. d4 d5 3. Nc3 Nf6 4. e5 Nfd7 5. f4 c5 6. Nf3 Nc6 7. Be3 a6 8. Qd2 b5 9. a3 Qa5 10. Be2 b4 11. Nb1 c4 12. c3 b3 13. O-O Nb6 14. Qc1 Bd7 15. Nbd2 Be7 16. Bf2 O-O-O 17. Bh4 h6 18. Bxe7 Nxe7 19. Rf2 Ba4 20. Nf1 Qb5 21. g4 f5 22. exf6 gxf6 23. Qe3 Qd7 24. Ng3 h5 25. Nxh5 Rxh5 26. gxh5 Nf5 27. Qd2 Qh7 28. Rg2 Be8 29. Re1 Bxh5 30. Bd1 Bf7 31. Qe2 Kb7 32. Nd2 Nh4 33. Rg3 Nf5 34. Rg2 Nh4 35. Rg3 Nf5 36. Rg2 1/2-1/2

[Event "71st RUS-ch Higher League 2018"]
[Site "Yaroslavl"]
[Date "2018.06.30"]
[Round "5"]
[White "Popov, Ivan"]
[Black "Motylev, Alexander"]
[Result "1/2-1/2"]
[ECO "C47"]
[WhiteElo "2609"]
[BlackElo "2659"]
[Annotator "ChessBase"]
[PlyCount "81"]
[EventDate "2018.06.26"]
[EventType "swiss"]
[EventCountry "RUS"]
[SourceTitle "playchess.com"]
[Source "ChessBase"]
[SourceQuality "1"]
[TimeControl "40/5400+30:1800+30"]

1. e4 e5 2. Nf3 Nc6 3. d4 exd4 4. Nxd4 Nf6 5. Nc3 Bb4 6. Nxc6 bxc6 7. Bd3 d5 8. exd5 O-O 9. O-O Bg4 10. f3 Bh5 11. Bg5 cxd5 12. Nxd5 Qxd5 13. Bxf6 Qc5+ 14. Kh1 gxf6 15. a3 Ba5 16. b4 Bxb4 17. axb4 Qxb4 18. Ra6 Qc3 19. Qa1 Qxa1 20. Rfxa1 Bg6 21. Rxa7 Rxa7 22. Rxa7 Bxd3 23. cxd3 Rb8 24. g4 Rb3 25. Rxc7 Rxd3 26. Kg2 Kg7 27. Kg3 h6 28. h4 Rd4 29. Rc5 Rb4 30. g5 fxg5 31. hxg5 hxg5 32. Rxg5+ Kf6 33. Rg4 Rb3 34. Rf4+ Kg6 35. Rg4+ Kf6 36. Ra4 Kg6 37. Kg4 Rb1 38. Ra6+ f6 39. Ra4 Rg1+ 40. Kf4 Rb1 41. Ke4 1/2-1/2

[Event "71st RUS-ch Higher League 2018"]
[Site "Yaroslavl"]
[Date "2018.06.30"]
[Round "5"]
[White "Turov, Maxim"]
[Black "Gaifullin, Artur"]
[Result "0-1"]
[ECO "B12"]
[WhiteElo "2600"]
[BlackElo "2448"]
[Annotator "ChessBase"]
[PlyCount "42"]
[EventDate "2018.06.26"]
[EventType "swiss"]
[EventCountry "RUS"]
[SourceTitle "playchess.com"]
[Source "ChessBase"]
[SourceQuality "1"]
[TimeControl "40/5400+30:1800+30"]

1. e4 c6 2. d4 d5 3. e5 Bf5 4. Nf3 e6 5. Be2 Nd7 6. O-O h6 7. Nbd2 Ne7 8. c3 g5 9. Re1 Bg6 10. Nf1 Nf5 11. Ng3 g4 12. Nd2 Nxg3 13. fxg3 Qb6 14. Bxg4 h5 15. Bf3 c5 16. c4 cxd4 17. cxd5 Bc2 18. dxe6 d3+ 19. Kh1 Qxe6 20. Bxb7 Bxd1 21. Bxa8 Be2 0-1

[Event "71st RUS-ch Higher League 2018"]
[Site "Yaroslavl"]
[Date "2018.06.30"]
[Round "5"]
[White "Sarana, Alexey"]
[Black "Timofeev, Artyom"]
[Result "1-0"]
[ECO "C67"]
[WhiteElo "2573"]
[BlackElo "2583"]
[Annotator "ChessBase"]
[PlyCount "163"]
[EventDate "2018.06.26"]
[EventType "swiss"]
[EventCountry "RUS"]
[SourceTitle "playchess.com"]
[Source "ChessBase"]
[SourceQuality "1"]
[TimeControl "40/5400+30:1800+30"]

1. e4 e5 2. Nf3 Nc6 3. Bb5 Nf6 4. O-O Nxe4 5. Re1 Nd6 6. Nxe5 Be7 7. Bf1 Nxe5 8. Rxe5 O-O 9. d4 Bf6 10. Re1 Nf5 11. c3 d5 12. Nd2 Re8 13. Rxe8+ Qxe8 14. Nf3 Nh4 15. Nxh4 Bxh4 16. Bf4 c6 17. Bd3 Bf6 18. Qb3 Qe7 19. h3 Be6 20. a4 a5 21. Qb6 Qd7 22. Qc7 Bd8 23. Qxd7 Bxd7 24. Bd6 f5 25. f4 Kf7 26. Kf2 g6 27. Re1 Be6 28. Kf3 h5 29. g3 Bb6 30. Rb1 Bd8 31. Be5 Ra7 32. b3 Ra8 33. Bc2 Bd7 34. c4 Be7 35. c5 Bd8 36. Bd3 Ra7 37. Be2 Ra8 38. Ke3 Be6 39. Rh1 Bf6 40. Bxf6 Kxf6 41. Rb1 Ke7 42. b4 axb4 43. Rxb4 Bc8 44. Kd2 Kd8 45. Bd1 Kc7 46. Bc2 Bd7 47. Rb1 Re8 48. Ra1 Rh8 49. Re1 h4 50. Rg1 hxg3 51. Rxg3 Rh4 52. Rf3 b6 53. Kc3 bxc5 54. dxc5 Rh8 55. Kd4 Rb8 56. Rb3 Re8 57. Bd3 Ra8 58. Ra3 Ra5 59. Ra1 Bc8 60. Kc3 Kb8 61. Kd4 Ra7 62. a5 Rh7 63. Rb1+ Ka7 64. Rb6 Bd7 65. a6 Be8 66. Rb2 Ka8 67. Rb1 Rh4 68. Ke5 Rxh3 69. Bf1 Rf3 70. Re1 d4 71. Kd6 Bf7 72. Bg2 Bd5 73. Rd1 g5 74. fxg5 Rg3 75. Bxd5 cxd5 76. c6 Rxg5 77. c7 Rg6+ 78. Kd7 Rg7+ 79. Kc6 Rg8 80. Rxd4 Ka7 81. Rxd5 Kxa6 82. Rd8 1-0

[Event "71st RUS-ch Higher League 2018"]
[Site "Yaroslavl"]
[Date "2018.06.30"]
[Round "5"]
[White "Shaposhnikov, Evgeny"]
[Black "Gordievsky, Dmitry"]
[Result "1-0"]
[ECO "A05"]
[WhiteElo "2572"]
[BlackElo "2641"]
[Annotator "ChessBase"]
[PlyCount "151"]
[EventDate "2018.06.26"]
[EventType "swiss"]
[EventCountry "RUS"]
[SourceTitle "playchess.com"]
[Source "ChessBase"]
[SourceQuality "1"]
[TimeControl "40/5400+30:1800+30"]

1. Nf3 Nf6 2. c4 d6 3. d4 Nbd7 4. Nc3 e5 5. Bg5 Be7 6. e3 c6 7. Qc2 h6 8. Bh4 O-O 9. Be2 exd4 10. Nxd4 Nc5 11. Bg3 a5 12. O-O Re8 13. Rad1 Qb6 14. Nb3 Nxb3 15. Qxb3 Qxb3 16. axb3 Rd8 17. Rd4 Be6 18. Na4 Rab8 19. Nb6 Nd7 20. Nxd7 Rxd7 21. Rfd1 Rbd8 22. e4 f5 23. exf5 Bxf5 24. R4d2 Kf8 25. Bf3 Kf7 26. Bf4 d5 27. cxd5 Bb4 28. Rd4 Bc5 29. Rc4 Bb4 30. g4 Bh7 31. Bd2 Bxd2 32. Rxd2 cxd5 33. Rc5 d4 34. Rxa5 b6 35. Rb5 Rd6 36. h4 d3 37. Kh2 Ke6 38. Kg3 Rc8 39. Kf4 Rc5 40. Rb4 Re5 41. Be4 g5+ 42. hxg5 hxg5+ 43. Ke3 Bxe4 44. Rxe4 Rxe4+ 45. Kxe4 Rd5 46. Rxd3 Rb5 47. f3 Rb4+ 48. Ke3 Ke5 49. Kd2 Rf4 50. Re3+ Kd6 51. Ke2 Rb4 52. Kf2 Rb5 53. Kg3 Rb4 54. Re8 Rxb3 55. Rf8 Rxb2 56. Rf6+ Kd7 57. Rf5 Ra2 58. Rxg5 Ra8 59. Rb5 Kc6 60. Rb3 b5 61. g5 Rb8 62. Kg4 Kd6 63. g6 Ke7 64. Kg5 b4 65. f4 Kf8 66. f5 Rb5 67. Kh6 Rxf5 68. Rxb4 Rf1 69. Rb8+ Ke7 70. g7 Rh1+ 71. Kg6 Rg1+ 72. Kh7 Rh1+ 73. Kg8 Ra1 74. Rf8 Rb1 75. Rf4 Ra1 76. Rh4 1-0

[Event "71st RUS-ch Higher League 2018"]
[Site "Yaroslavl"]
[Date "2018.06.30"]
[Round "5"]
[White "Vavulin, Maksim"]
[Black "Fakhrutdinov, Timur"]
[Result "1/2-1/2"]
[ECO "C65"]
[WhiteElo "2552"]
[BlackElo "2460"]
[Annotator "ChessBase"]
[PlyCount "64"]
[EventDate "2018.06.26"]
[EventType "swiss"]
[EventCountry "RUS"]
[SourceTitle "playchess.com"]
[Source "ChessBase"]
[SourceQuality "1"]
[TimeControl "40/5400+30:1800+30"]

1. e4 e5 2. Nf3 Nc6 3. Bb5 Nf6 4. d3 Bc5 5. Nbd2 O-O 6. O-O Nd4 7. Nxd4 Bxd4 8. c3 Bb6 9. Nc4 d5 10. exd5 Qxd5 11. Nxb6 axb6 12. Bc4 Qd6 13. Bg5 h6 14. Bh4 Bg4 15. Qb3 Be2 16. Rfe1 Bxd3 17. Bxd3 Qxd3 18. Rxe5 Nd7 19. Rd1 Nxe5 20. Rxd3 Nxd3 21. h3 Rfe8 22. Kh2 Nc5 23. Qd5 c6 24. Qd6 Re4 25. Bg3 Re2 26. b4 Ne4 27. Qc7 Nxg3 28. Kxg3 Raxa2 29. Qc8+ Kh7 30. Qf5+ Kg8 31. Qc8+ Kh7 32. Qf5+ Kg8 1/2-1/2